 Dungeon Crawl Stone Soup version 0.27-a0-1185-ga233589e6f (webtiles) character file.

Game seed: 18350609686296785887

13625 Auzas the Thaumaturge (level 12, -6/70 HPs)
             Began as a Djinni Ice Elementalist on May 13, 2021.
             Killed from afar by a deep elf zephyrmancer (17 damage)
             ... with a bolt of lightning
             ... on level 1 of the Elven Halls on May 19, 2021.
             The game lasted 03:07:38 (13118 turns).

Auzas the Thaumaturge (Djinni Ice Elementalist)    Turns: 13118, Time: 03:07:41

Health: -6/70      AC: 15    Str:  7    XL:     12   Next: 35%
Gold:   411        EV: 11    Int: 22    God:
                   SH:  0    Dex: 14

rFire    + + +     SeeInvis .   l - staff of cold
rCold    x . .     Faith    .   (no shield)
rNeg     . . .     Spirit   .   L - +1 ring mail of the Great Game {rPois Regen+}
rPois    ∞         Reflect  .   w - +0 helmet
rElec    .         Harm     .   v - +0 cloak
rCorr    .         Rampage  .   P - +1 pair of gloves
Will     +....                  (boots unavailable)
Stlth    ++........             (no amulet)
HPRegen  1.21/turn              Y - +4 ring of protection
MPRegen  0.00/turn              Q - ring of fire

@: flying, studying Stealth
A: sickness immunity, fire resistance 2, cold vulnerability 1, float, innate
caster, hp casting, extra vitality 1, frail 1
a: no special abilities


You were on level 1 of the Elven Halls.
You visited 3 branches of the dungeon, and saw 12 of its levels.
You also visited: Sewer.

You collected 1264 gold pieces.
You spent 853 gold pieces at shops.

Inventory:

Hand Weapons
 n - a +5 spear of freezing
 F - a +6 spear of venom
Missiles
 f - 214 stones
 r - 75 sling bullets
 u - 81 bolts
 y - 24 boomerangs
 B - 38 poisoned darts
Armour
 v - a +0 cloak (worn)
 w - a +0 helmet (worn)
 A - a +1 robe of resistance
 J - a +1 robe of willpower
 L - the +1 ring mail of the Great Game (worn) {rPois Regen+}
   (You found it on level 5 of the Dungeon)

   It protects you from poison.
   It increases your rate of health regeneration.
 P - a +1 pair of gloves (worn)
Magical Staves
 l - a staff of cold (weapon)
Jewellery
 O - a ring of resist corrosion
 Q - a ring of fire (right hand)
 X - a ring of protection from fire
 Y - a +4 ring of protection (left hand)
Wands
 a - a wand of polymorph (8)
 D - a wand of mindburst (9)
 G - a wand of flame (37)
 M - a wand of digging (5)
 W - a wand of acid (9)
Scrolls
 i - a scroll of teleportation {unknown}
 j - 2 scrolls of enchant weapon
 k - a scroll of immolation {unknown}
 C - a scroll of magic mapping
 T - 4 scrolls of identify
Potions
 b - a potion of magic {unknown}
 e - 3 potions of attraction
 g - a potion of might {unknown}
 h - 3 potions of lignification
 t - 4 potions of curing
 z - 3 potions of berserk rage {unknown}
 R - a potion of heal wounds
 S - a potion of mutation {unknown}


   Skills:
 + Level 4.1 Fighting
 + Level 1.3 Long Blades
 + Level 1.0 Polearms
 + Level 5.0 Armour
 + Level 6.0 Dodging
 + Level 4.7 Stealth
 + Level 12.4 Spellcasting
 + Level 4.2 Invocations
 + Level 1.9 Evocations


You had 5 spell levels left.
You knew the following spells:

 Your Spells              Type           Power      Damage    Failure   Level
a - Freeze                Ice            100%       1d11      1%          1
b - Frozen Ramparts       Ice            100%       1d12      1%          3
c - Ozocubu's Armour      Ice            80%        N/A       1%          3
d - Hailstorm             Conj/Ice       80%        3d16      1%          4
e - Metabolic Englaciati  Hex/Ice        40%        N/A       2%          5
f - Animate Skeleton      Necr           100%       N/A       1%          1
g - Searing Ray           Conj           100%       3d7       1%          2
h - Blink                 Tloc           N/A        N/A       1%          2
i - Animate Dead          Necr           31%        N/A       1%          4
j - Summon Mana Viper     Hex/Summ       62%        N/A       2%          5
Your spell library was empty.

Dungeon Overview and Level Annotations

Branches:
Dungeon (9/15)             Temple (0/1) D:4             Orc (2/2) D:9
    Elf (1/3) Orc:2         Sewer (visited)
   Lair: D:8-11

Altars:
Elyvilon
Hepliaklqana
Ru
Trog
Vehumet
Wu Jian
Xom
Yredelemnul

Shops:
D:3 [   D:7 [   Orc:2 [(*:


Innate Abilities, Weirdness & Mutations

You are immune to sickness and miasma.
You are immune to poison.
Your flesh is very heat resistant. (rF++)
You are vulnerable to cold. (rC-)
You float through the air rather than walking.
You learn spells naturally, not from books.
Your magical power is your life essence.
You have superior vitality. (+4 HP)
You are frail. (-10% HP)


Message History

You feel a surge of power!
A cannonade of hail descends around you!
The hail pelts the deep elf pyromancer!!
The deep elf pyromancer is heavily wounded.
The wall freezes the deep elf pyromancer! x2
You kill the deep elf pyromancer!
The fire elemental disappears in a puff of smoke! x2
Your Armour skill increases to level 5!
Unknown command.
Your icy armour cracks and falls away as you move.
The frozen ramparts melt away as you move.
Your mana viper disappears in a puff of smoke!
A deep elf zephyrmancer comes into view.
It is wielding a +0 long sword.
Things that are here:
a +0 dagger of speed; an elf corpse The deep elf zephyrmancer points at you and mumbles some strange words.
The bolt of lightning hits you!!!
Ouch! That really hurt!
The deep elf zephyrmancer gestures at you while chanting.
The bolt of lightning hits you!!
* * * LOW HITPOINT WARNING * * *
A deep elf zephyrmancer is nearby!
You see here a +0 long sword.
Casting: Hailstorm (dangerous; 1% risk of failure)
Confirm with . or Enter, or press ? or * to list all spells.
A mana viper appears with a sibilant hiss.
* * * LOW HITPOINT WARNING * * *
You swap places.
There is an open door here.
The deep elf zephyrmancer hits your mana viper but does no damage.
Your mana viper bites the deep elf zephyrmancer!
The deep elf zephyrmancer's magic leaks into the air.
Casting: Summon Mana Viper (dangerous; 2% risk of failure)
Confirm with . or Enter, or press ? or * to list all spells.
A mana viper appears with a sibilant hiss.
* * * LOW HITPOINT WARNING * * *
The deep elf zephyrmancer gestures at you while chanting.
The bolt of lightning hits your mana viper!!
The bolt of lightning hits you!
You die...

#).# #.# #..# #.#
#..########.# #.#
#..e........# #.#
#.#####e##### #.# #.#
##S## #.# #.###.##
#'# #+##'## ##..
#...@## #...
#.....############...
#.S...'.>....)...'...
#.....#############..
##...## ### #####


You could see a deep elf zephyrmancer (ally target) and 2 friendly mana vipers.

Vanquished Creatures
  A two-headed ogre (D:8)
  Pikel (D:5)
  A deep elf pyromancer (Elf:1)
  An ugly thing (D:8)
  Joseph (D:7)
  The ghost of Renjy the Frost Mage, a novice VSIE (D:4)
  Prince Ribbit (D:7)
  2 wyverns
  A steam dragon (D:7)
  A water moccasin (D:8)
  Duvessa (D:5)
  Purgy (Sewer)
  2 ice beasts
  14 orc warriors
  A sky beast (D:6)
  4 ogres
  A necrophage (D:6)
  A centaur (D:7)
  2 lemures (D:5)
  Blork the orc (D:5)
  3 bullfrogs (D:8)
  A scorpion (D:4)
  Dowan (D:5)
  3 killer bees (D:8)
  A wight (D:9)
  2 centaur zombies (D:7)
  4 hounds
  A gnoll shaman (D:4)
  4 centaur skeletons
  12 orc priests
  A bullfrog skeleton (D:5)
  2 iguanas
  Jessica (D:2)
  9 orc wizards
  A scorpion zombie (D:5)
  A killer bee zombie (D:8)
  Robin (D:2)
  A howler monkey zombie (D:8)
  13 adders
  12 gnolls
  2 white imps
  An ufetubus (D:5)
  An adder skeleton (D:5)
  3 worms (D:2)
  4 dart slugs
  25 orcs
  14 bats
  10 endoplasms
  3 giant cockroaches
  10 hobgoblins
  10 jackals
  9 kobolds
  4 quokkas
  3 ball pythons
  4 frilled lizards
  16 goblins
  5 rats
237 creatures vanquished.

Vanquished Creatures (collateral kills)
  An orc warlord (Orc:2)
  A two-headed ogre (Orc:1)
  3 orc high priests (Orc:2)
  4 orc knights
  A deep elf pyromancer (Elf:1)
  3 orc sorcerers (Orc:2)
  2 trolls (Orc:2)
  4 yaks (D:8)
  3 wargs
  16 orc warriors
  6 ogres
  A kobold brigand (D:9)
  3 wights (D:9)
  4 orc priests
  10 orc wizards
  22 orcs
84 creatures vanquished.

Vanquished Creatures (others)
  25 fungi (Orc:2)
  19 plants
44 creatures vanquished.

Grand Total: 365 creatures vanquished

Notes
Turn   | Place    | Note
-------+----------+-------------------------------------------
     0 | D:1      | Auzas the Djinni Ice Elementalist began the quest for the
                  | Orb.
     0 | D:1      | Reached XP level 1. HP: 15/15 MP: 0/0
   244 | D:1      | Reached XP level 2. HP: 19/21 MP: 0/0
   693 | D:1      | Reached XP level 3. HP: 24/25 MP: 0/0
   693 | D:1      | Learned a level 1 spell: Animate Skeleton
  1425 | D:1      | Found a faded altar of an unknown god.
  1427 | D:1      | Became a worshipper of Elyvilon the Healer
  1427 | D:1      | Reached * piety under Elyvilon
  1529 | D:1      | Reached skill level 4 in Spellcasting
  2406 | D:1      | You are sucked into a shaft and drop 1 floor!
  2451 | D:2      | Noticed Robin
  2460 | D:2      | Killed Robin
  2461 | D:2      | Reached XP level 4. HP: 28/31 MP: 0/0
  2820 | D:2      | Noticed Jessica
  2831 | D:2      | Killed Jessica
  2833 | D:2      | Was placed under penance by Elyvilon
  2859 | D:2      | Reached XP level 5. HP: 24/35 MP: 0/0
  2859 | D:2      | Learned a level 2 spell: Searing Ray
  3923 | D:3      | Was forgiven by Elyvilon
  4010 | D:3      | Found Uvot Poce's Antique Armour Shop.
  4034 | D:3      | Bought a cloak for 103 gold pieces
  4454 | D:4      | Reached skill level 5 in Spellcasting
  4454 | D:4      | Reached XP level 6. HP: 23/41 MP: 0/0
  4830 | D:4      | Reached skill level 1 in Fighting
  4991 | D:4      | Found a staircase to the Ecumenical Temple.
  5109 | D:4      | Reached XP level 7. HP: 27/47 MP: 0/0
  5109 | D:4      | Learned a level 2 spell: Blink
  5253 | D:4      | Reached ** piety under Elyvilon
  5331 | D:4      | Found a transporter.
  5337 | D:4      | Found a transporter.
  5698 | D:4      | Noticed Renjy's ghost (novice VSIE)
  5824 | D:4      | Found a shimmering altar of Xom.
  5844 | D:4      | Reached skill level 1 in Long Blades
  5844 | D:4      | Reached skill level 6 in Spellcasting
  6352 | D:4      | Reached XP level 8. HP: 34/52 MP: 0/0
  6390 | D:4      | Killed Renjy's ghost
  6391 | D:4      | Reached skill level 1 in Invocations
  6797 | D:5      | Entered Level 5 of the Dungeon
  7000 | D:5      | Reached skill level 7 in Spellcasting
  7067 | D:5      | Found a sacrificial altar of Ru.
  7381 | D:5      | Noticed Pikel
  7385 | D:5      | Reached XP level 9. HP: 50/58 MP: 0/0
  7385 | D:5      | Learned a level 4 spell: Animate Dead
  7390 | D:5      | Killed Pikel
  7391 | D:5      | Reached skill level 8 in Spellcasting
  7391 | D:5      | Reached skill level 1 in Evocations
  7470 | D:5      | Reached skill level 1 in Polearms
  7967 | D:5      | Noticed Duvessa
  7967 | D:5      | Noticed Dowan
  7974 | D:5      | Killed Duvessa
  7980 | D:5      | Killed Dowan
  8185 | D:5      | Identified the +1 ring mail of the Great Game {rPois
                  | Regen+}
  8242 | D:5      | Noticed Blork the orc
  8246 | D:5      | Killed Blork the orc
  8662 | D:6      | Found a glowing drain.
  8672 | Sewer    | Entered a sewer
  8712 | Sewer    | Noticed Purgy
  8717 | Sewer    | Killed Purgy
  9038 | D:6      | Reached *** piety under Elyvilon
  9393 | D:7      | Reached skill level 1 in Armour
  9393 | D:7      | Reached XP level 10. HP: 63/65 MP: 0/0
  9461 | D:7      | Reached skill level 9 in Spellcasting
  9698 | D:7      | Found a white marble altar of Elyvilon.
  9698 | D:7      | Found a basalt altar of Yredelemnul.
  9698 | D:7      | Noticed Prince Ribbit
  9703 | D:7      | Killed Prince Ribbit
  9778 | D:7      | Found Tingeq's Armour Emporium.
  9982 | D:7      | Noticed Joseph
 10011 | D:7      | Killed Joseph
 10012 | D:7      | Reached skill level 5 in Dodging
 10124 | D:8      | Noticed a two-headed ogre
 10133 | D:8      | Killed a two-headed ogre
 10178 | D:8      | Reached skill level 10 in Spellcasting
 10227 | D:8      | Noticed a cyan ugly thing
 10262 | D:8      | Killed a cyan ugly thing
 10301 | D:8      | Reached XP level 11. HP: 65/71 MP: 0/0
 10301 | D:8      | Learned a level 5 spell: Summon Mana Viper
 10446 | D:8      | Reached **** piety under Elyvilon
 11024 | D:9      | Found an ornate altar of the Wu Jian Council.
 11024 | D:9      | Found a bloodstained altar of Trog.
 11024 | D:9      | Found a hazy altar of Hepliaklqana.
 11312 | D:9      | Found a staircase to the Orcish Mines.
 11332 | D:9      | Reached skill level 11 in Spellcasting
 11354 | Orc:1    | Entered Level 1 of the Orcish Mines
 11463 | Orc:1    | Noticed a two-headed ogre
 11470 | Orc:1    | Killed a two-headed ogre
 11652 | Orc:1    | Noticed an orc knight
 11669 | Orc:1    | Killed an orc knight
 11876 | Orc:2    | Entered Level 2 of the Orcish Mines
 11876 | Orc:2    | Found Qiunosch's General Store.
 11876 | Orc:2    | Noticed an orc sorcerer
 11876 | Orc:2    | Noticed an orc sorcerer
 11883 | Orc:2    | Killed an orc sorcerer
 11891 | Orc:2    | Upgraded the game from 0.27-a0-1154-gfdeffcb720 to
                  | 0.27-a0-1180-g7fc4abc71e
 11891 | Orc:2    | Upgraded the game from 0.27-a0-1180-g7fc4abc71e to
                  | 0.27-a0-1182-gee19b5822f
 11896 | Orc:2    | Killed an orc sorcerer
 11920 | Orc:2    | Noticed an orc sorcerer
 11925 | Orc:2    | Paralysed by an orc sorcerer for 7 turns
 11932 | Orc:2    | Killed an orc sorcerer
 11943 | Orc:2    | Fell from the grace of Elyvilon
 11949 | Orc:2    | Noticed an orc high priest
 11953 | Orc:2    | Found Xuliq's Book Shop.
 11972 | Orc:2    | Killed an orc high priest
 12008 | Orc:2    | Bought a book of Conjurations for 450 gold pieces
 12168 | Orc:2    | Noticed an orc high priest
 12183 | Orc:2    | Killed an orc high priest
 12196 | Orc:2    | Found Koug's Antique Weapon Emporium.
 12201 | Orc:2    | Noticed an orc warlord
 12201 | Orc:2    | Noticed an orc high priest
 12208 | Orc:2    | Noticed an orc knight
 12213 | Orc:2    | Gained mutation: You are frail. (-10% HP) [a neqoxec]
 12223 | Orc:2    | Noticed a sun demon
 12228 | Orc:2    | Killed an orc high priest
 12231 | Orc:2    | Killed an orc knight
 12232 | Orc:2    | Reached XP level 12. HP: 33/70 MP: 0/0
 12253 | Orc:2    | Killed an orc warlord
 12254 | Orc:2    | Reached skill level 12 in Spellcasting
 12348 | Orc:2    | Bought a book of Minor Magic for 300 gold pieces
 12486 | Orc:2    | Found Naoziuc's Antique Armour Boutique.
 12701 | Orc:2    | Upgraded the game from 0.27-a0-1182-gee19b5822f to
                  | 0.27-a0-1185-ga233589e6f
 12900 | Orc:2    | Found a staircase to the Elven Halls.
 13037 | Elf:1    | Entered Level 1 of the Elven Halls
 13102 | Elf:1    | Reached skill level 5 in Armour
 13118 | Elf:1    | Killed from afar by a deep elf zephyrmancer

Illustrated notes

Levels and vault maps discovered:
D:1:      nzn_arrival_water_spiral, layout_basic, serial_forest,
          infiniplex_forest_clump_large, infiniplex_forest_zigzag_1,
          infiniplex_forest_clump_diagonal, infiniplex_forest_straight_2,
          infiniplex_forest_lined_3, infiniplex_forest_clump_small,
          chequers_ecumenical_altar_twisty
D:2:      minmay_wonky_spiral, layout_loops_ring, uniq_jessica, uniq_robin
D:3:      layout_basic, serial_shops, shop, serial_bayou_ford_a
D:4:      minmay_thinvault, layout_cave_pods, general_overflow_altar,
          temple_fountains, gammafunk_ghost_gnarly_gnolls,
          kennysheep_another_room
D:5:      minmay_skewed_foursquare, layout_cave_pools, hangedman_ru_absence,
          uniq_pikel, uniq_blork_the_orc, uniq_duvessa
D:6:      layout_loops_ring, cheibrodos_sewer_entry_sluice
D:7:      layout_rooms, gammafunk_temple_overflow_claw, serial_shops,
          shop_fountains, uniq_joseph, uniq_prince_ribbit1
D:8:      layout_rooms, grunt_ministairs_6
D:9:      layout_basic, gammafunk_temple_overflow_forgotten, erik_orc_2,
          minmay_the_grid_2x2 [minmay_the_grid_minigrid_small,
          minmay_the_grid_rooms, minmay_the_grid_outer_circle,
          minmay_the_grid_prize_diamond_cup]
Orc:1:    layout_caves, enter_bailey_8
Orc:2:    grunt_orc_gardens, layout_diamond_mine, grunt_orc_garden,
          grunt_orc_garden, grunt_orc_garden, grunt_orc_garden
Elf:1:    layout_geoelf_grid, minmay_elf_sorcery, hangedman_decor_cross_pass

Skill      XL: |  1  2  3  4  5  6  7  8  9 10 11 12 |
---------------+-------------------------------------+-----
Spellcasting   | 4 5 6 7 8 10 11 12 | 12.4
Dodging        | 3 4 5 6 |  6.0
Stealth        | 2 3 4 |  4.7
Fighting       | 1 2 3 4 |  4.1
Long Blades    | 1 |  1.3
Invocations    | 2 3 4 |  4.2
Evocations     | 1 |  1.9
Polearms       | 1 |  1.0
Armour         | 1 3 4 5 |  5.0

Action                   |  1- 3 |  4- 6 |  7- 9 | 10-12 || total
-------------------------+-------+-------+-------+-------++-------
Melee: Unarmed           |     3 |       |       |       ||     3
       Club              |    16 |       |       |       ||    16
       Staff             |     1 |    55 |     6 |    31 ||    93
       Falchion          |       |    10 |     7 |       ||    17
       Spear             |       |       |     6 |       ||     6
 Cast: Freeze            |    42 |    70 |    36 |     9 ||   157
       Frozen Ramparts   |     4 |     4 |    12 |    19 ||    39
       Animate Skeleton  |       |     1 |       |     3 ||     4
       Searing Ray       |       |     6 |    93 |    57 ||   156
       Ozocubu's Armour  |       |     1 |     1 |     1 ||     3
       Hailstorm         |       |       |    19 |     8 ||    27
       Blink             |       |       |     1 |     4 ||     5
       Summon Mana Viper |       |       |       |    89 ||    89
       Metabolic Englaci |       |       |       |     7 ||     7
       Animate Dead      |       |       |       |     1 ||     1
Invok: Divine Protection |     1 |       |       |     1 ||     2
       Lesser Healing    |       |       |    25 |     7 ||    32
       Greater Healing   |       |       |       |     2 ||     2
       Renounce Religion |       |       |       |     1 ||     1
Evoke: Wand              |       |       |     8 |     1 ||     9
  Use: Scroll            |       |     6 |     7 |     1 ||    14
       Potion            |       |     1 |     2 |       ||     3
Armor: Robe              |    18 |    16 |    16 |       ||    50
       Ring mail         |       |       |    18 |    52 ||    70
Dodge: Dodged            |    31 |    52 |    64 |    78 ||   225
       Rpst.: Falchion   |       |     5 |     3 |       ||     8

Table legend: (Time is in decaauts)
 A = Elapsed time spent in this place.
 B = Non-inter-level travel time spent in this place.
 C = Inter-level travel time spent in this place.
 D = Time resting spent in this place.
 E = Time spent auto-exploring this place.
 F = Levels seen in this place.
 G = Mean time per level.
                   A        B        C        D        E       F      G
               +--------+--------+--------+--------+--------+-----+--------+
         Total |  13147 |  10188 |   2959 |   3483 |   3159 |  13 | 1011.3 |
       Dungeon |  11219 |   8831 |   2388 |   3483 |   2755 |   9 | 1246.6 |
  Orcish Mines |   1685 |   1142 |    543 |      0 |    388 |   2 |  842.5 |
   Elven Halls |     80 |     52 |     28 |      0 |     16 |   1 |   80.0 |
         Sewer |    161 |    161 |      0 |      0 |      0 |   1 |  161.0 |
               +--------+--------+--------+--------+--------+-----+--------+

Top non-repeatable levels by time:
     D:4: 2446 daAuts
     D:1: 2409 daAuts
     D:5: 1643 daAuts
     D:2: 1385 daAuts
   Orc:2: 1164 daAuts
     D:6: 786 daAuts
     D:8: 782 daAuts
     D:7: 694 daAuts
     D:3: 580 daAuts
   Orc:1: 521 daAuts
     D:9: 491 daAuts
   Sewer: 161 daAuts
   Elf:1: 80 daAuts
